 Dungeon Crawl Stone Soup version 0.29.0-11-gd7f09526c8 (webtiles) character file.

Game seed: 6551413054505561365

122 SensoryNuts the Trooper (level 4, -11/35 HPs)
             Began as a Demonspawn Fighter on Sept 3, 2022.
             Killed by divine providence
             ... invoked by an orc priest
              (12 damage)
             ... on level 3 of the Dungeon.
             The game lasted 00:02:12 (3009 turns).

SensoryNuts the Trooper (Demonspawn Fighter)        Turns: 3009, Time: 00:02:13

Health: -11/35     AC:  6    Str: 16    XL:     4   Next: 78%
Magic:  4/4        EV:  9    Int:  9    God:
Gold:   148        SH:  5    Dex: 15    Spells: 3/3 levels left

rFire   . . .      SeeInvis .   a - +0 long sword (vorpal)
rCold   . . .      Faith    .   c - +0 buckler
rNeg    . . .      Spirit   .   b - +0 scale mail
rPois   +          Reflect  .   (helmet restricted)
rElec   .          Harm     .   (no cloak)
rCorr   .          Rampage  .   (no gloves)
Will    .....                   (no boots)
Stlth   ..........              (no amulet)
HPRegen 0.11/turn               i - ring of poison resistance
MPRegen 0.09/turn               (no ring)

@: mighty
A: claws 1, horns 1, spiny 1
a: no special abilities


You were on level 3 of the Dungeon.
You visited 1 branch of the dungeon, and saw 3 of its levels.

You collected 148 gold pieces.

Inventory:

Hand Weapons
 a - a +0 vorpal long sword (weapon)
Armour
 b - a +0 scale mail (worn)
 c - a +0 buckler (worn)
 f - a +2 leather armour of poison resistance
Jewellery
 i - a ring of poison resistance (left claw)
 o - a +6 ring of dexterity
 p - an amulet of magic regeneration
Scrolls
 g - a scroll of teleportation {unknown}
 h - a scroll of poison {unknown}
 k - a scroll of noise {unknown}
 n - a scroll of vulnerability {unknown}
Potions
 e - a potion of flight {unknown}
 j - a potion of curing {unknown}
 l - a potion of attraction {unknown}
 m - a potion of cancellation {unknown}


   Skills:
 + Level 3.4 Fighting
 * Level 3.4 Long Blades
 + Level 3.4 Armour
 + Level 0.2 Dodging
 + Level 0.2 Stealth
 + Level 3.0 Shields


You had 3 spell levels left.
You didn't know any spells.
Your spell library contained the following spells:

 Spells                   Type           Power      Damage    Failure   Level
 Ensorcelled Hibernation  Hex/Ice        0%         N/A       96%         2
 Passwall                 Tmut/Erth      0%         N/A       96%         2
 Swiftness                Air            0%         N/A       99%         3


Dungeon Overview and Level Annotations

Branches:
Dungeon (3/15)

Altars:


Innate Abilities, Weirdness & Mutations

You have sharp fingernails.
You have a pair of small horns on your head.
You are partially covered in sharp spines.


Message History

The orc priest invokes the aid of Beogh against you.
Beogh smites you!
* * * LOW HITPOINT WARNING * * *
Unknown command.
You feel much better. You block the orc's attack.
The orc attacks as you move away! The orc is struck by your spines.
The orc hits you with a +0 dagger. The orc attacks as you move away!
You block the orc's attack. The orc attacks as you move away!
The orc hits you but does no damage.
You see here a +2 leather armour of poison resistance.
f - a +2 leather armour of poison resistance The orc priest mumbles some strange prayers to Beogh against you.
Beogh smites you! The orc is struck by your spines.
The orc hits you but does no damage.
The orc priest looks encouraged for a moment.
The orc attacks as you move away! The orc closely misses you.
The orc attacks as you move away! The orc barely misses you.
The orc attacks as you move away! The orc is struck by your spines.
You kill the orc!
The orc priest mumbles some strange prayers to Beogh against you.
Pain shoots through your body!
* * * LOW HITPOINT WARNING * * *
There is an open door here.
You close the door.
An orc priest breaks down the door.
The orc priest invokes the aid of Beogh against you.
Pain shoots through your body!
* * * LOW HITPOINT WARNING * * *
You feel very mighty all of a sudden.
The orc priest begins to cast a cantrip, but forgets the words!
You block the kobold's attack.
You closely miss the orc priest. You headbutt the orc priest.
The orc priest is moderately wounded.
The orc priest hits you with a +0 mace.
* * * LOW HITPOINT WARNING * * *
You slash the orc!
You kill the orc!
The orc priest calls down the wrath of Beogh upon you.
Beogh smites you!
You die...

#.# #.#####.########...########
#.# #..........................
#.#########.##########.########
#...........# #..#
################### ##.##
#.............# #..####
##.###########(# #.....#
#.....#......#.# #...#.##
#..#...†####@#.# #...#..#
#..#########K#.## #...##.#
#####..#.........o..# #...##.#
....#..#.#######.#..# ######.##
.##.#..#.# #.#..# #..# .#.<#..#.#
#.#..# #####.##
.#..#..#.#######.#..# #.......
.#..#..#.........#.o# #....#..
.####..#.#######.#.K######....#..


You could see an orc priest and a kobold.

Vanquished Creatures
  A scorpion (D:3)
  An orc wizard (D:3)
  An adder (D:3)
  A dart slug (D:3)
  2 orcs (D:3)
  3 endoplasms
  A giant cockroach (D:1)
  6 goblins
  A hobgoblin (D:1)
  2 quokkas
  2 ball pythons (D:1)
  2 frilled lizards
  8 kobolds
  A rat (D:3)
32 creatures vanquished.

Notes
Turn   | Place    | Note
-------+----------+-------------------------------------------
     0 | D:1      | SensoryNuts the Demonspawn Fighter began the quest for the
                  | Orb.
     0 | D:1      | Reached XP level 1. HP: 18/18 MP: 1/1
   234 | D:1      | Discovered your monstrous ancestry.
   234 | D:1      | Gained mutation: You have a pair of small horns on your
                  | head. [demonic ancestry]
   234 | D:1      | Reached XP level 2. HP: 8/24 MP: 2/2
   430 | D:1      | Found a faded altar of an unknown god.
  2432 | D:3      | Gained mutation: You have sharp fingernails. [demonic
                  | ancestry]
  2432 | D:3      | Reached XP level 3. HP: 22/29 MP: 3/3
  2853 | D:3      | Noticed a scorpion
  2861 | D:3      | Killed a scorpion
  2862 | D:3      | Gained mutation: You are partially covered in sharp spines.
                  | [demonic ancestry]
  2862 | D:3      | Reached XP level 4. HP: 29/35 MP: 4/4
  2963 | D:3      | HP: 1/35 [orc priest/divine providence (14)]
  3008 | D:3      | HP: 1/35 [orc priest/+0 mace (2)]
  3009 | D:3      | Killed from afar by an orc priest

Illustrated notes

Levels and vault maps discovered:
D:1:      lemuel_arrival_cross, layout_basic, serial_co_window_serial,
          co_window_of_opportunity_a, co_window_corner_a, co_window_paths_a,
          co_window_paths_a, co_window_paths_a, co_window_paths_b,
          co_window_2corner, co_window_unsneaky_path_b,
          co_window_unsneaky_path_a, co_window_unsneaky_path_d,
          co_window_paths_c, co_window_paths_d, glass_columns_a,
          glass_columns_b, glass_columns_a, shapermc_ecumenical_altar_pompeii
D:2:      layout_basic
D:3:      layout_basic

Skill      XL: |  1  2  3 |
---------------+----------+-----
Long Blades    | 2 3 |  3.4
Armour         | 3 |  3.4
Shields        | 3 |  3.0
Fighting       | |  3.4
Dodging        | |  0.2
Stealth        | |  0.2

Action                   |  1- 3 |  4- 6 || total
-------------------------+-------+-------++-------
Melee: Long sword        |    82 |     7 ||    89
       Headbutt          |     7 |     2 ||     9
  Use: Scroll            |     3 |       ||     3
       Potion            |     1 |     2 ||     3
Armor: Scale mail        |    31 |     5 ||    36
Dodge: Dodged            |    30 |     2 ||    32
Block: Buckler           |    21 |     3 ||    24
